 Dungeon Crawl Stone Soup version 0.31-a0-240-gb923e448b6 (webtiles) character file.

Game seed: 6727614957851374899

4040 Nattfarinn the Mimic (level 10, -2/106 HPs)
             Began as a Troll Shapeshifter on July 12, 2023.
             Was a Priest of Okawaru.
             Slain by a two-headed ogre
             ... wielding a +0 giant club
              (23 damage)
             ... on level 9 of the Dungeon.
             The game lasted 00:10:32 (6763 turns).

Nattfarinn the Mimic (Troll Shapeshifter)           Turns: 6763, Time: 00:10:33

Health: -2/106     AC:  4    Str: 29    XL:     10   Next: 4%
Magic:  9/9        EV: 14    Int:  4    God:    Okawaru [***...]
Gold:   749        SH:  5    Dex: 10    Spells: 9/9 levels left

rFire   . .          .
                       - Unarmed
rCold   . . .        (no shield)
rNeg    . . .        a - +0 animal skin
rPois   .            (helmet currently unavailable)
rElec   .            x - melded scarf {repulsion}
rCorr   .            (gloves unavailable)
SInv    .            (boots unavailable)
Will    .....        p - amulet of reflection
Stlth   +            v - +5 ring of evasion
HPRegen 1.17/turn    (no ring)
MPRegen 0.11/turn

%: reflection
@: beast-form
A: beast (slay +6), large, unfitting armour, claws 3, regeneration 1, shaggy fur
1, tough skin 1
a: Renounce Religion, Heroism


You were on level 9 of the Dungeon.
You worshipped Okawaru.
Okawaru was most pleased with you.
You were a hulking beast.
You visited 2 branches of the dungeon, and saw 10 of its levels.
You also visited: Sewer and Ossuary.

You collected 749 gold pieces.

Inventory:

Armour
 a - a +0 animal skin (worn)
 x - a scarf of repulsion (melded)
Jewellery
 p - an amulet of reflection (around neck)
 v - a +5 ring of evasion (left claw)
 C - a +6 ring of intelligence
 D - an amulet of guardian spirit
 E - a ring of protection from fire
Talismans
 c - a beast talisman
Wands
 f - a wand of iceblast (8)
Scrolls
 h - 4 scrolls of fog
 j - 2 scrolls of silence
 l - 6 scrolls of teleportation
 m - 2 scrolls of noise
 n - a scroll of vulnerability
 o - a scroll of blinking
 w - 3 scrolls of amnesia
 y - 2 scrolls of enchant weapon {unknown}
 z - a scroll of revelation {unknown}
 F - a scroll of poison {unknown}
 G - a scroll of butterflies {unknown}
Potions
 b - 7 potions of lignification
 d - 7 potions of haste
 e - 4 potions of attraction {unknown}
 g - 6 potions of mutation {unknown}
 i - 4 potions of brilliance {unknown}
 k - 3 potions of heal wounds {unknown}
 q - 2 potions of curing {unknown}
 r - 4 potions of magic {unknown}
 s - a potion of cancellation {unknown}
 t - 2 potions of might {unknown}
 u - a potion of resistance {unknown}
 A - 4 potions of enlightenment {unknown}
 B - 4 potions of degeneration {unknown}


   Skills:
 * Level 8.9 Fighting
 - Level 1.5 Dodging
 - Level 2.0 Unarmed Combat
 - Level 9.1 Shapeshifting


You had 9 spell levels left.
You didn't know any spells.
Your spell library contained the following spells:

 Spells                   Type           Power      Damage    Failure   Level
 Sandblast                Erth           0%         2d4       50%         1
 Ensorcelled Hibernation  Hex/Ice        0%         N/A       65%         2
 Passwall                 Tmut/Erth      0%         N/A       65%         2
 Scorch                   Fire           0%         2d5       65%         2
 Hailstorm                Conj/Ice       0%         3d3       86%         3
 Stone Arrow              Conj/Erth      0%         3d7       86%         3
 Swiftness                Air            0%         N/A       86%         3
 Anguish                  Hex/Necr       0%         N/A       99%         4
 Flame Wave               Conj/Fire      0%         2d4       99%         4
 Alistair's Intoxication  Tmut/Pois      0%         N/A       100%        5
 Borgnjor's Vile Clutch   Necr/Erth      0%         N/A       100%        5
 Eringya's Noxious Bog    Tmut/Pois      0%         4d6       100%        6
 Summon Ice Beast         Ice/Summ       Unusable   N/A       N/A         4
 Summon Forest            Summ/Tloc      Unusable   N/A       N/A         5
 Summon Mana Viper        Hex/Summ       Unusable   N/A       N/A         5
 Simulacrum               Ice/Necr       Unusable   N/A       N/A         6
 Summon Cactus Giant      Summ           Unusable   N/A       N/A         6
 Summon Hydra             Summ           Unusable   N/A       N/A         7

Dungeon Overview and Level Annotations

Branches:
Dungeon (9/15)             Temple (1/1) D:4            Lair (0/5) D:8
  Sewer (visited)         Ossuary (visited)
    Orc: D:9-12

Altars:
Ashenzari
Cheibriados
Dithmenos
Elyvilon
Fedhas
Gozag
Hepliaklqana
Kikubaaqudgha
Makhleb
Nemelex Xobeh
Okawaru
Qazlal
Ru
Sif Muna
Trog
Uskayaw
Vehumet
Wu Jian
Xom
Yredelemnul
Zin
The Shining One

Shops:
D:8 [

Annotations:
D:3 1 runed translucent door, Crazy Yiuf


Innate Abilities, Weirdness & Mutations

You are a hulking beast.
Your limbs bulge with bestial killing power. (Slay +6)
You are too large for most types of armour.
You have claws for hands.
Your natural rate of healing is unusually fast.
You are covered in fur. (AC +1)
You have tough skin. (AC +1)


Message History

A two-headed ogre comes into view.
It is wielding a +0 giant club and a +0 giant spiked club.
Unknown command.
The two-headed ogre shouts in stereo!
Found a dagger.
You scratch the two-headed ogre.
The two-headed ogre is lightly wounded.
The two-headed ogre barely misses you.
The two-headed ogre hits you with a +0 giant spiked club!!
You claw the two-headed ogre!
The two-headed ogre is moderately wounded.
You claw the two-headed ogre!
The two-headed ogre is moderately wounded.
The two-headed ogre closely misses you.
The two-headed ogre hits you with a +0 giant spiked club!
You scratch the two-headed ogre.
The two-headed ogre is heavily wounded.
The two-headed ogre hits you with a +0 giant club!!
The two-headed ogre hits you with a +0 giant spiked club!
You claw the two-headed ogre!
The two-headed ogre is severely wounded.
You barely miss the two-headed ogre.
The two-headed ogre is severely wounded.
The two-headed ogre hits you with a +0 giant club!!
* * * LOW HITPOINT WARNING * * *
The two-headed ogre misses you.
You scratch the two-headed ogre.
The two-headed ogre is severely wounded.
The two-headed ogre completely misses you.
The two-headed ogre closely misses you.
Unknown command.
You scratch the two-headed ogre.
The two-headed ogre is almost dead.
Unknown command.
You scratch the two-headed ogre.
The two-headed ogre is almost dead.
The two-headed ogre barely misses you. x2
You scratch the two-headed ogre but do no damage.
The two-headed ogre is almost dead.
The two-headed ogre hits you with a +0 giant club!!
You die...

............# ............#
............# ............#
............# .)..........#
###... .......O....#########
.....########+#.h.$..........#
.....#........#..............#
.....+........#..............#
.....#........#..............#
.....#...######..............#
.....#...##...#..............#
.....#........+..............#
.....'........#..............#
.[...#........##########.....#


You could see a two-headed ogre.

Vanquished Creatures
  A troll (D:9)
  A wraith (D:9)
  A shadow (D:9)
  A steam dragon (D:7)
  A water moccasin (D:8)
  2 ice beasts
  3 black bears
  4 ogres
  An orc warrior (D:6)
  3 centaurs
  3 phantoms
  3 kobold brigands
  5 scorpions
  A bullfrog (D:7)
  9 wights
  A jelly (D:6)
  3 orc priests
  5 hounds
  A sleepcap (D:8)
  A gnoll bouda (D:6)
  An iguana (D:4)
  4 orc wizards
  9 mummies
  Robin (D:3)
  7 gnolls
  2 river rats (D:4)
  8 adders
  2 white imps
  4 worms
  7 dart slugs
  30 orcs
  9 ball pythons
  6 bats
  3 endoplasms
  25 goblins
  10 hobgoblins
  4 jackals (D:5)
  8 quokkas
  2 frilled lizards
  A goblin zombie (D:7)
  A hobgoblin zombie (Ossuary)
  21 kobolds
  4 kobold zombies
  4 orc zombies (Ossuary)
  12 rats
235 creatures vanquished.

Vanquished Creatures (others)
  A wizard (D:8)
1 creature vanquished.

Grand Total: 236 creatures vanquished

Notes
Turn   | Place    | Note
-------+----------+-------------------------------------------
     0 | D:1      | Nattfarinn the Troll Shapeshifter began the quest for the
                  | Orb.
     0 | D:1      | Reached XP level 1. HP: 19/19 MP: 0/0
   106 | D:1      | Reached XP level 2. HP: 19/27 MP: 1/1
   661 | D:2      | Reached XP level 3. HP: 33/33 MP: 2/2
   728 | D:2      | Reached skill level 4 in Shapeshifting
  1231 | D:3      | Noticed a kobold brigand
  1238 | D:3      | Killed a kobold brigand
  1239 | D:3      | Reached skill level 5 in Shapeshifting
  1239 | D:3      | Reached XP level 4. HP: 35/41 MP: 3/3
  1241 | D:3      | Reached XP level 5. HP: 43/48 MP: 4/4
  1266 | D:3      | Noticed Robin
  1279 | D:3      | Killed Robin
  1422 | D:3      | Found a hazy altar of Hepliaklqana.
  1423 | D:3      | Found a shimmering altar of Xom.
  1429 | D:3      | Found a stormy altar of Qazlal.
  1429 | D:3      | Found an iron altar of Okawaru.
  1430 | D:3      | Found a basalt altar of Yredelemnul.
  1431 | D:3      | Found a sparkling altar of Nemelex Xobeh.
  1434 | D:3      | Found a sacrificial altar of Ru.
  1986 | D:3      | Found a hide-covered altar of Uskayaw.
  1986 | D:3      | Noticed a +0 dagger
  1986 | D:3      | Noticed a +0 short sword
  1986 | D:3      | Noticed a +0 dagger
  1987 | D:3      | Noticed a +0 spear
  1987 | D:3      | Noticed a +0 spear
  1988 | D:3      | Noticed a +0 short sword
  1989 | D:3      | Noticed a +0 falchion
  1989 | D:3      | Noticed a +0 falchion
  2081 | D:3      | Found a runed translucent door.
  2082 | D:3      | Noticed Crazy Yiuf
  2202 | D:4      | Reached skill level 6 in Shapeshifting
  2202 | D:4      | Reached XP level 6. HP: 46/55 MP: 5/5
  2310 | D:4      | Found a staircase to the Ecumenical Temple.
  2397 | D:4      | You fall into a shaft and drop 1 floor!
  2397 | D:5      | Entered Level 5 of the Dungeon
  2438 | D:5      | Noticed an ice beast
  2452 | D:5      | Killed an ice beast
  2652 | D:4      | Found a glowing drain.
  2660 | Sewer    | Entered a sewer
  2693 | Sewer    | Reached skill level 7 in Shapeshifting
  2693 | Sewer    | Reached XP level 7. HP: 61/62 MP: 6/6
  3218 | Temple   | Entered the Ecumenical Temple
  3392 | D:3      | Became a worshipper of Warmaster Okawaru
  3895 | D:5      | Reached skill level 8 in Shapeshifting
  3933 | D:5      | Reached * piety under Okawaru
  3934 | D:5      | Reached XP level 8. HP: 67/70 MP: 7/7
  4114 | D:5      | Reached skill level 9 in Shapeshifting
  4449 | D:6      | Reached ** piety under Okawaru
  4621 | D:6      | Found a radiant altar of Vehumet.
  4866 | D:7      | Reached skill level 5 in Fighting
  4866 | D:7      | Reached XP level 9. HP: 88/88 MP: 8/8
  5057 | D:7      | Found a blossoming altar of Fedhas.
  5061 | D:7      | Found a sand-covered staircase.
  5067 | Ossuary  | Entered an ossuary
  5424 | D:7      | Reached *** piety under Okawaru
  5672 | D:8      | Found a staircase to the Lair.
  5820 | D:8      | Found Kyesim's Armour Emporium.
  6015 | D:8      | Found an opulent altar of Gozag.
  6039 | D:8      | Found a white marble altar of Elyvilon.
  6138 | D:8      | Found a bloodstained altar of Trog.
  6140 | D:8      | Noticed a wizard
  6145 | D:8      | Killed a wizard
  6335 | D:9      | Noticed a troll
  6341 | D:9      | Killed a troll
  6612 | D:9      | Reached XP level 10. HP: 96/106 MP: 9/9
  6750 | D:9      | Noticed a two-headed ogre
  6763 | D:9      | Slain by a two-headed ogre

Illustrated notes

Levels and vault maps discovered:
D:1:      minmay_arrival_three_doors, layout_rooms, reono_crystal_passage
D:2:      kb_forest_paths, layout_basic
D:3:      layout_basic, nicolae_uskayaw_en_pointe, minitemple, uniq_robin,
          uniq_crazy_yiuf_cottage
D:4:      layout_gridville, temple_green, lightli_sewer_entry_pipes,
          minmay_fountain_box, minmay_crossroads
D:5:      layout_basic, dreamdust_wishing_well
D:6:      layout_rooms, fiery_altar_vehumet, minmay_ogre_servants
D:7:      layout_rooms, overflow_temple_1_default, nicolae_ossuary_entry_giza
D:8:      layout_loops_ring, mainiacjoe_overflow_catwalk_spiral, trog_wizard,
          serial_shops, nicolae_shop_gibbet_a_chance, minmay_misc_feat_roman
D:9:      layout_gridville, dk_noncrumbling_2
Temple:   kb_temple_of_zot

Skill      XL: |  1  2  3  4  5  6  7  8  9 |
---------------+----------------------------+-----
Shapeshifting  | 5 6 7 8 9 |  9.1
Fighting       | 5 8 |  8.9
Dodging        | |  1.5
Unarmed Combat | |  2.0

Action                     |  1- 3 |  4- 6 |  7- 9 | 10-12 || total
---------------------------+-------+-------+-------+-------++-------
  Melee: Unarmed           |    90 |   108 |   282 |    15 ||   495
         Punch             |     2 |     2 |     7 |       ||    11
    Use: Scroll            |       |       |     7 |       ||     7
   Stab: Sleeping          |     2 |       |     1 |       ||     3
 Armour: Animal skin       |    28 |    30 |    55 |     1 ||   114
  Dodge: Dodged            |    41 |    41 |   109 |     8 ||   199
  Block: Other             |       |       |    13 |       ||    13
         Reflection        |       |       |     3 |       ||     3
         Form:             |       |       |     1 |       ||     1
         Beast             |       |       |     1 |       ||     1

Table legend: (Time is in decaauts)
 A = Elapsed time spent in this place.
 B = Non-inter-level travel time spent in this place.
 C = Inter-level travel time spent in this place.
 D = Time resting spent in this place.
 E = Time spent auto-exploring this place.
 F = Levels seen in this place.
 G = Mean time per level.
                   A        B        C        D        E       F      G
               +--------+--------+--------+--------+--------+-----+--------+
         Total |   6740 |   6089 |    651 |     35 |   4868 |  12 |  561.7 |
       Dungeon |   6183 |   5548 |    635 |     35 |   4517 |   9 |  687.0 |
        Temple |    107 |     91 |     16 |      0 |     86 |   1 |  107.0 |
         Sewer |    242 |    242 |      0 |      0 |    142 |   1 |  242.0 |
       Ossuary |    207 |    207 |      0 |      0 |    123 |   1 |  207.0 |
               +--------+--------+--------+--------+--------+-----+--------+

Top non-repeatable levels by time:
     D:4: 1067 daAuts
     D:3: 1020 daAuts
     D:8: 744 daAuts
     D:2: 690 daAuts
     D:6: 619 daAuts
     D:5: 571 daAuts
     D:1: 526 daAuts
     D:7: 517 daAuts
     D:9: 425 daAuts
   Sewer: 242 daAuts
 Ossuary: 207 daAuts
  Temple: 107 daAuts
